 Dungeon Crawl Stone Soup version 0.31-a0-263-ge8cad7f256 (webtiles) character file.

Game seed: 10789974037764392754

89 qw the Shooter (level 4, -1/26 HPs)
             Began as a Gargoyle Hexslinger on July 13, 2023.
             Slain by an orc priest
             ... wielding a +0 hand axe
              (5 damage)
             ... on level 3 of the Dungeon.
             The game lasted 00:00:48 (2478 turns).

qw the Shooter (Gargoyle Hexslinger)                Turns: 2478, Time: 00:00:48

Health: -1/26      AC:  8    Str: 12    XL:     4   Next: 55%
Magic:  5/5        EV: 10    Int: 13    God:
Gold:   87         SH:  0    Dex: 14    Spells: 4/5 levels left

rFire   . . .        Y - +1 sling
rCold   . . .        (no shield)
rNeg    + . .        l - +0 ring mail
rPois   inf          (no helmet)
rElec   +            (no cloak)
rCorr   .            (no gloves)
SInv    .            (no boots)
Will    .....        (no amulet)
Stlth   +            (no ring)
HPRegen 0.24/turn    (no ring)
MPRegen 0.09/turn

%: no passive effects
@: no status effects
A: sickness immunity, AC +3, negative energy resistance 1, electricity
resistance, torment resistance 1, petrification resistance
a: no special abilities


You were on level 3 of the Dungeon.
You visited 1 branch of the dungeon, and saw 3 of its levels.

You collected 127 gold pieces.
You spent 40 gold pieces at shops.


Innate Abilities, Weirdness & Mutations

You are immune to sickness and miasma.
Your stone body is resilient. (AC +3)
You are immune to poison.
You resist negative energy. (rN+)
You are resistant to electric shocks. (rElec)
You are resistant to unholy torment.
You are immune to petrification.


   Skills:
 - Level 2.0 Fighting
 + Level 4.1 Ranged Weapons
 - Level 1.0 Armour
 - Level 1.5 Dodging
 - Level 1.0 Spellcasting
 - Level 2.6 Hexes


You had 4 spell levels left.
You knew the following spells:

 Your Spells              Type           Power      Damage    Failure   Level
a - Slow                  Hex            28%        N/A       22%         1

Your spell library contained the following spells:

 Spells                   Type           Power      Damage    Failure   Level
 Inner Flame              Hex/Fire       4%         N/A       73%         3
 Portal Projectile        Hex/Tloc       8%         N/A       73%         3
 Cause Fear               Hex            3%         N/A       91%         4

Inventory:

Hand Weapons
 Y - a +1 sling (weapon)
Armour
 l - a +0 ring mail (worn)
Scrolls
 a - a scroll of acquirement {unknown}
 i - a scroll of identify
Potions
 b - a potion of haste
 e - a potion of curing
 g - a potion of brilliance {unknown}

Dungeon Overview and Level Annotations

Branches:
Dungeon (3/15)

Altars:

Shops:
D:1 ?


Message History

The orc priest barely misses you.
You shoot a sling bullet.
The sling bullet closely misses the orc priest.
The orc priest miscasts a cantrip.
The orc hits you but does no damage.
You shoot a sling bullet.
The sling bullet hits the orc priest but does no damage.
The orc priest is moderately wounded.
The orc priest hits you with a +0 hand axe.
The orc barely misses you.
You shoot a sling bullet.
The sling bullet hits the orc priest but does no damage.
The orc priest is moderately wounded.
The orc priest invokes the aid of Beogh against you.
You barely resist. The orc hits you but does no damage.
The orc barely misses you.
The orc priest hits you with a +0 hand axe!
You shoot a sling bullet.
The sling bullet hits the orc priest but does no damage.
The orc priest is moderately wounded.
The orc priest hits you with a +0 hand axe.
The orc barely misses you.
You shoot a sling bullet.
The sling bullet barely misses the orc priest.
The orc priest barely misses you. The orc misses you.
You shoot a sling bullet.
The sling bullet barely misses the orc priest.
The orc priest hits you but does no damage.
The orc closely misses you. The orc hits you but does no damage.
The orc priest hits you with a +0 hand axe.
You shoot a sling bullet. The sling bullet hits the orc priest.
The orc priest is heavily wounded.
The orc priest hits you but does no damage.
The orc hits you but does no damage.
You shoot a sling bullet.
The sling bullet hits the orc priest but does no damage.
The orc priest is heavily wounded.
The orc hits you with a +0 club.
The orc priest hits you with a +0 hand axe.
You die...

#.#.......%....
##.##.#.#.#...##.#.#.
#.............##.#...
#...#.#.#.##..##.#...
#...#.#.#.##..##.....
#...#.#.#.##..####...
####...#.#.#.......
....
.......#.#.........
...#
#[.o@.....##.###### #
##.o#.##.#....... .
#..#.##.#....... ..
....#.##.........
.....#.###........
#..##.#.# #.##.####
##. .<..# #.##.# #
#...# #.##.########
..# #............


You could see an orc priest and an orc.

Vanquished Creatures
  4 adders
  3 dart slugs
  An orc (D:3)
  4 ball pythons
  2 bats
  4 endoplasms (D:1)
  3 giant cockroaches
  3 hobgoblins
  2 jackals (D:3)
  3 kobolds
  2 quokkas
  3 frilled lizards
  5 goblins
  8 rats
47 creatures vanquished.

Notes
Turn   | Place    | Note
-------+----------+-------------------------------------------
     0 | D:1      | qw the Gargoyle Hexslinger began the quest for the Orb.
     0 | D:1      | Reached XP level 1. HP: 12/12 MP: 2/2
     0 | D:1      | 0 ||| qw: Version: 0.3-a-52-g30416fa
     0 | D:1      | 0 ||| qw: Game counter: 7194
     0 | D:1      | 0 ||| qw: Melee chars always use a shield: true
     0 | D:1      | 0 ||| qw: God list: Okawaru
     0 | D:1      | 0 ||| qw: Allow faded altars: false
     0 | D:1      | 0 ||| qw: Do Orc after clearing Dungeon:15 true
     0 | D:1      | 0 ||| qw: Do second Lair branch before Depths: true
     0 | D:1      | 0 ||| qw: Lair rune preference: random
     0 | D:1      | 0 ||| qw: Goals: Normal
     0 | D:1      | 0 ||| PLANNING D:1-11
   125 | D:1      | Reached XP level 2. HP: 16/16 MP: 3/3
   305 | D:1      | Reached skill level 3 in Ranged Weapons
   460 | D:1      | Reached XP level 3. HP: 21/21 MP: 4/4
   474 | D:1      | Found Esacup's Magic Scroll Emporium.
   482 | D:1      | 482 ||| BUYING scroll of identify (20 gold).
   482 | D:1      | Bought a scroll of identify for 20 gold pieces
   482 | D:1      | 482 ||| BUYING scroll of identify (20 gold).
   482 | D:1      | Bought a scroll of identify for 20 gold pieces
   482 | D:1      | 482 ||| SHOPLISTING scroll of identify (20 gold, have 10).
  1074 | D:1      | 1074 ||| READING scroll labelled HAUTTEUMUA.
  1075 | D:1      | 1075 ||| READING scroll labelled SYUTOSH TAUS.
  1076 | D:1      | 1076 ||| READING scroll labelled RIRAGHITSY.
  1079 | D:1      | 1079 ||| READING scroll labelled QERHIALAVY.
  1080 | D:1      | 1080 ||| READING 2 scrolls of identify.
  1080 | D:1      | 1080 ||| IDENTIFYING fizzy red potion
  1081 | D:1      | 1081 ||| DROPPING scroll of poison.
  1094 | D:2      | Found a faded altar of an unknown god.
  1479 | D:2      | Reached XP level 4. HP: 26/26 MP: 5/5
  1883 | D:2      | Reached skill level 4 in Ranged Weapons
  2000 | D:2      | 2000 ||| UPGRADING to +0 leather armour.
  2010 | D:2      | 2010 ||| DROPPING +0 robe.
  2011 | D:2      | 2011 ||| UPGRADING to +0 ring mail.
  2021 | D:2      | 2021 ||| DROPPING +0 leather armour.
  2022 | D:2      | 2022 ||| DROPPING ring of flight.
  2023 | D:2      | 2023 ||| READING scroll labelled CUSOLIU UNEKK.
  2024 | D:2      | 2024 ||| DRINKING 2 lumpy green potions.
  2067 | D:2      | 2067 ||| READING 3 scrolls of identify.
  2067 | D:2      | 2067 ||| IDENTIFYING fuming silvery potion
  2068 | D:2      | 2068 ||| READING 2 scrolls of identify.
  2068 | D:2      | 2068 ||| IDENTIFYING orange potion
  2069 | D:2      | 2069 ||| DROPPING potion of magic.
  2070 | D:2      | 2070 ||| DROPPING potion of lignification.
  2132 | D:3      | Noticed an ice beast
  2141 | D:3      | HP: 2/26 [ice beast (12)]
  2142 | D:3      | 2142 ||| READING scroll of teleportation.
  2363 | D:3      | Reached skill level 1 in Armour
  2478 | D:3      | HP: 4/26 [orc/+0 club (5)]
  2478 | D:3      | Slain by an orc priest

Levels and vault maps discovered:
D:1:      dpeg_arrival_ternary, layout_basic, serial_shops, shop, st_stairs_2
D:2:      layout_loops_corners, shapermc_ecumenical_altar_rom_forum,
          minivault_24
D:3:      layout_basic, uniq_terence

Skill      XL: |  1  2  3  4 |
---------------+-------------+-----
Ranged Weapons | 3 4 |  4.1
Fighting       | 2 |  2.0
Armour         | 1 |  1.0
Dodging        | |  1.5
Spellcasting   | |  1.0
Hexes          | |  2.6

Action                     |  1- 3 |  4- 6 || total
---------------------------+-------+-------++-------
   Fire: Sling             |   119 |    71 ||   190
    Use: Scroll            |     5 |     4 ||     9
         Potion            |       |     1 ||     1
 Armour: Robe              |    21 |     1 ||    22
         Ring mail         |       |    24 ||    24
  Dodge: Dodged            |    27 |    28 ||    55

Table legend:
 A = Non-vault XP
 B = Vault XP
 C = Vault XP percentage of total XP
 D = Non-vault monster count
 E = Vault monster count
 F = Vault count percentage of total count
                 A         B        C        D         E       F
            +---------+---------+-------+---------+---------+-------
      Total |     125 |       3 |   2.3 |      45 |       2 |   4.3
            +---------+---------+-------+---------+---------+-------
        D:1 |      41 |       3 |   6.8 |      23 |       2 |   8.0
        D:2 |      56 |       0 |   0.0 |      13 |       0 |   0.0
        D:3 |      28 |       0 |   0.0 |       9 |       0 |   0.0
            +---------+---------+-------+---------+---------+-------
